 Dungeon Crawl Stone Soup version 0.29-a0-25-g7f48f510a0 (webtiles) character file.

Game seed: 12108229622891168795

12403 horus123 the Cleaver (level 11, -12/101 HPs)
             Began as a Hill Orc Monk on Jan 31, 2022.
             Was a Priest of Beogh.
             Mangled by a nine-headed hydra (13 damage)
             ... on level 1 of the Lair of Beasts.
             The game lasted 00:34:47 (15401 turns).

horus123 the Cleaver (Hill Orc Monk)               Turns: 15401, Time: 00:34:48

Health: -12/101    AC: 19    Str: 19    XL:     11   Next: 92%
Magic:  16/16      EV: 12    Int: 10    God:    Beogh [***...]
Gold:   287        SH:  0    Dex: 13    Spells: 10/10 levels left

rFire   . . .      SeeInvis .   y - +4 battleaxe
rCold   + + .      Faith    .   (shield currently unavailable)
rNeg    . . .      Spirit   .   I - +2 plate armour {rC+}
rPois   .          Reflect  .   (no helmet)
rElec   .          Harm     .   (no cloak)
rCorr   .          Rampage  .   h - +1 pair of gloves
Will    .....                   (no boots)
Stlth   ..........              (no amulet)
HPRegen 0.26/turn               i - ring of protection from cold
MPRegen 0.15/turn               m - +4 ring of evasion

@: no status effects
A: no potion heal 1
a: Renounce Religion, Smiting


You were on level 1 of the Lair of Beasts.
You worshipped Beogh.
Beogh was most pleased with you.
You visited 3 branches of the dungeon, and saw 12 of its levels.
You also visited: Bailey.

You collected 963 gold pieces.
You spent 676 gold pieces at shops.

Inventory:

Hand Weapons
 a - a +2 hand axe
 f - a +0 flail
 l - a +0 glaive
 p - a +2 shortbow of flaming
 y - a +4 battleaxe (weapon)
 C - a +1 war axe of electrocution
 E - a +1 vorpal battleaxe
Missiles
 r - 83 arrows
 B - 4 throwing nets (quivered)
Armour
 b - a +0 robe
 c - a +2 robe of cold resistance
 h - a +1 pair of gloves (worn)
 k - a +0 leather armour
 o - a +1 scale mail
 t - the +2 steam dragon scales "Erghi" {Contam rPois rC++ SInv}
   (You found it on level 5 of the Dungeon)

   rC:        It greatly protects you from cold.
   rPois:     It protects you from poison.
   SInv:      It lets you see invisible.
   Contam:    It causes magical contamination when unequipped.
 D - a +3 ring mail of poison resistance
 I - a +2 plate armour of cold resistance (worn)
Jewellery
 e - a ring of fire
 i - a ring of protection from cold (left hand)
 m - a +4 ring of evasion (right hand)
 G - a ring of protection from fire
Wands
 j - a wand of flame (30)
 n - a wand of polymorph (2)
 w - a wand of iceblast (10)
 z - a wand of digging (3)
Scrolls
 q - 2 scrolls of magic mapping
 s - a scroll of blinking
 x - a scroll of vulnerability
 H - 2 scrolls of fear
Potions
 d - 7 potions of flight
 g - a potion of curing
 u - 2 potions of cancellation
 v - a potion of mutation
 A - a potion of degeneration
 J - a potion of invisibility {unknown}
Miscellaneous
 F - a tin of tremorstones (2/2)


   Skills:
 - Level 10.3 Fighting
 - Level 4.3 Short Blades
 - Level 12.3 Axes
 + Level 11.1 Armour
 - Level 4.0 Dodging
 - Level 1.5 Stealth
 - Level 7.0 Invocations
 - Level 6.0 Evocations


You had 10 spell levels left.
You didn't know any spells.
Your spell library contained the following spells:

 Spells                   Type           Power      Damage    Failure   Level
 Foxfire                  Conj/Fire      0%         2x1d4     100%        1
 Static Discharge         Conj/Air       0%         N/A       100%        2
 Conjure Flame            Conj/Fire      0%         6-21      100%        3
 Inner Flame              Hex/Fire       0%         N/A       100%        3
 Animate Dead             Necr           0%         N/A       100%        4
 Flame Wave               Conj/Fire      0%         2d4       100%        4
 Borgnjor's Vile Clutch   Necr/Erth      0%         N/A       100%        5
 Lightning Bolt           Conj/Air       0%         1d11      100%        5
 Death Channel            Necr           0%         N/A       100%        6
 Maxwell's Capacitive Co  Air            0%         ∞         100%        8


Dungeon Overview and Level Annotations

Branches:
Dungeon (10/15)            Temple (0/1) D:6            Lair (1/6) D:10
    Orc (1/2) D:10         Bailey (visited)

Altars:
Gozag
Ru
Wu Jian
Yredelemnul

Shops:
D:8 [   D:10 [

Annotations:
D:7 3 runed translucent doors, pigah's ghost, novice OpAE


Innate Abilities, Weirdness & Mutations

Potions are less effective at restoring your health.


Message History

You barely miss the eight-headed hydra. You slash the bullfrog!
The bullfrog barely misses you.
The eight-headed hydra bites you but does no damage.
The eight-headed hydra bites you! The eight-headed hydra bites you.
The eight-headed hydra bites you but does no damage. x3
The eight-headed hydra barely misses you.
The eight-headed hydra bites you!
The electric eel shoots out a bolt of lightning at you!
The bolt of electricity hits you.
A bullfrog comes into view.
The bullfrog hits you but does no damage.
The bullfrog gives a loud, deep croak!
You slash the bullfrog!
You kill the bullfrog!
Beogh accepts your kill.
You slice one of the eight-headed hydra's heads off!
The seven-headed hydra grows two more!
You slash the nine-headed hydra!
The nine-headed hydra closely misses you.
The nine-headed hydra bites you but does no damage. x2
The nine-headed hydra barely misses you.
The nine-headed hydra closely misses you.
The nine-headed hydra bites you but does no damage. x2
The nine-headed hydra bites you. x2; The nine-headed hydra misses you.
The nine-headed hydra bites you. x2
The nine-headed hydra bites you but does no damage.
The nine-headed hydra closely misses you.
The nine-headed hydra barely misses you.
The nine-headed hydra bites you.
* * * LOW HITPOINT WARNING * * *
The nine-headed hydra misses you. The nine-headed hydra bites you!
* * * LOW HITPOINT WARNING * * *
The electric eel shoots out a bolt of lightning at you!
The bolt of electricity hits you!
* * * LOW HITPOINT WARNING * * *
The nine-headed hydra bites you but does no damage. x2
The nine-headed hydra bites you!
* * * LOW HITPOINT WARNING * * *
The nine-headed hydra bites you but does no damage. x2
The nine-headed hydra bites you!
You die...

#........#
#/.......#
#........
....... . P#.
..... ..
....+#...#+P#..
....≈.D†.......
#≈≈≈≈.@...#
#.≈≈≈≈..≈≈..#
..≈≈≈≈≈S≈≈≈....
..≈≈F≈≈≈≈≈≈≈...
...≈≈≈≈≈≈≈≈....
...≈≈≈≈≈≈≈≈....
##...≈≈≈≈≈.....
..............


You could see a nine-headed hydra, a bullfrog and an electric eel.

Vanquished Creatures
  Jorgrun (Orc:1)
  Harold (D:8)
  2 two-headed ogres (D:10)
  2 orc knights (Bailey)
  Joseph (D:10)
  A komodo dragon (D:10)
  2 trolls
  Prince Ribbit (D:5)
  A hornet (D:9)
  A shadow (D:9)
  Sigmund (D:2)
  9 yaks
  Eustachio (D:5)
  3 steam dragons
  Menkaure (D:7)
  2 water moccasins
  A black bear (D:7)
  2 ice beasts
  7 orc warriors
  A necrophage (D:4)
  2 ogres (Orc:1)
  A centaur (D:5)
  3 phantoms
  4 kobold brigands
  4 bullfrogs
  A wyvern zombie (D:8)
  2 scorpions
  A wyvern skeleton (D:6)
  6 killer bees
  3 wights (D:8)
  3 howler monkeys
  2 bullfrog zombies (D:5)
  3 centaur zombies
  2 centaur skeletons (D:7)
  3 jellies
  7 orc priests
  3 hounds
  2 bullfrog skeletons
  5 iguanas
  2 orc wizards (D:9)
  A hound zombie (D:5)
  Robin (D:2)
  7 gnolls
  9 adders
  A howler monkey skeleton (D:7)
  A shadow imp (D:6)
  2 white imps
  An adder skeleton (D:4)
  A worm (D:4)
  5 dart slugs
  41 orcs
  8 ball pythons
  8 bats
  3 endoplasms
  A giant cockroach (D:4)
  19 goblins
  6 hobgoblins
  2 jackals (D:3)
  5 quokkas
  5 frilled lizards
  19 kobolds
  4 rats
250 creatures vanquished.

Vanquished Creatures (collateral kills)
  3 orc warriors
  An ogre (Orc:1)
  4 kobold brigands (Bailey)
  An orc (D:10)
9 creatures vanquished.

Vanquished Creatures (others)
  An orc warrior (Orc:1)
  An endoplasm (D:3)
  11 plants (D:10)
13 creatures vanquished.

Grand Total: 272 creatures vanquished

Notes
Turn   | Place    | Note
-------+----------+-------------------------------------------
     0 | D:1      | horus123 the Hill Orc Monk began the quest for the Orb.
     0 | D:1      | Reached XP level 1. HP: 19/19 MP: 1/1
   250 | D:1      | Found a faded altar of an unknown god.
   457 | D:1      | Reached XP level 2. HP: 27/27 MP: 2/2
   846 | D:2      | Reached skill level 5 in Axes
   846 | D:2      | Reached XP level 3. HP: 11/33 MP: 3/3
  1440 | D:2      | Noticed Sigmund
  1477 | D:2      | Killed Sigmund
  1478 | D:2      | Reached skill level 8 in Axes
  1478 | D:2      | Reached XP level 4. HP: 28/40 MP: 4/4
  1478 | D:2      | Reached XP level 5. HP: 32/46 MP: 5/5
  1775 | D:2      | Noticed Robin
  1786 | D:2      | Killed Robin
  1787 | D:2      | Reached skill level 1 in Armour
  1805 | D:2      | Reached XP level 6. HP: 44/52 MP: 6/6
  3609 | D:3      | Became a worshipper of Beogh the Brigand
  3609 | D:3      | Reached * piety under Beogh
  3609 | D:3      | Reached ** piety under Beogh
  3789 | D:4      | Reached skill level 1 in Invocations
  3789 | D:4      | Reached XP level 7. HP: 53/59 MP: 7/7
  4584 | D:4      | Reached skill level 5 in Invocations
  5482 | D:5      | Entered Level 5 of the Dungeon
  5586 | D:5      | Reached XP level 8. HP: 59/66 MP: 11/13
  5655 | D:5      | Noticed Eustachio
  5660 | D:5      | Noticed a yak
  5661 | D:5      | Noticed a yak
  5663 | D:5      | Noticed a yak
  5663 | D:5      | Noticed a yak
  5693 | D:5      | Noticed a yak
  5713 | D:4      | Killed a yak
  5714 | D:4      | Reached skill level 5 in Fighting
  5989 | D:4      | Killed a yak
  6031 | D:4      | Killed a yak
  6032 | D:4      | Reached skill level 5 in Armour
  6278 | D:4      | Killed a yak
  6420 | D:4      | Killed a yak
  6758 | D:5      | Killed Eustachio
  6759 | D:5      | Reached XP level 9. HP: 74/77 MP: 14/14
  6889 | D:5      | Noticed Prince Ribbit
  6926 | D:5      | Killed Prince Ribbit
  7123 | D:5      | Identified the +2 steam dragon scales "Erghi" {Contam rPois
                  | rC++ SInv}
  8090 | D:6      | Identified the +7 dagger of Causality {flame, rPois Dex+2}
  8098 | D:6      | Found a staircase to the Ecumenical Temple.
  8154 | D:6      | Reached skill level 1 in Short Blades
  9206 | D:7      | Found a runed translucent gate.
  9207 | D:7      | Found a runed translucent gate.
  9209 | D:7      | Found a runed translucent gate.
  9211 | D:7      | Noticed pigah's ghost (novice OpAE)
  9400 | D:7      | Noticed Menkaure
  9406 | D:7      | Killed Menkaure
  9407 | D:7      | Reached XP level 10. HP: 69/84 MP: 15/15
  9629 | D:8      | Found an opulent altar of Gozag.
  9630 | D:8      | Found a basalt altar of Yredelemnul.
  9650 | D:8      | Reached skill level 9 in Axes
 10151 | D:8      | Reached skill level 10 in Axes
 10290 | D:8      | Noticed Harold
 10299 | D:8      | Killed Harold
 10300 | D:8      | Reached skill level 11 in Axes
 10593 | D:8      | Found Rewenyam's Antique Armour Shop.
 11321 | D:9      | Reached skill level 12 in Axes
 11400 | D:9      | Found an ornate altar of the Wu Jian Council.
 11400 | D:9      | Found a sacrificial altar of Ru.
 11563 | D:9      | Found a flagged portal.
 11572 | Bailey   | Entered a bailey
 11917 | Bailey   | Noticed an orc knight
 11923 | Bailey   | Killed an orc knight
 11923 | Bailey   | Noticed an orc knight
 11940 | Bailey   | Reached XP level 11. HP: 24/97 MP: 6/16
 11941 | Bailey   | Killed an orc knight
 11942 | Bailey   | Reached skill level 10 in Fighting
 12170 | Bailey   | Found a bloodstained altar of Trog.
 12179 | Bailey   | Identified the +0 scale mail "Hocrup" {Will+ Dex+3}
 12296 | D:9      | Reached skill level 1 in Evocations
 12689 | D:10     | Entered Level 10 of the Dungeon
 12726 | D:10     | Noticed a two-headed ogre
 12741 | D:10     | Killed a two-headed ogre
 13096 | D:10     | Noticed a two-headed ogre
 13105 | D:10     | Killed a two-headed ogre
 13106 | D:10     | Reached skill level 5 in Evocations
 13183 | D:10     | Found a staircase to the Orcish Mines.
 13349 | D:10     | Found a staircase to the Lair.
 13655 | D:10     | Found Ismaluju's Antique Armour Boutique.
 13663 | D:10     | Bought a runed plate armour for 676 gold pieces
 13673 | D:10     | Gained mutation: Potions are less effective at restoring
                  | your health. [mutagenic glow]
 13700 | D:10     | Noticed Joseph
 13711 | D:10     | Reached *** piety under Beogh
 13720 | D:10     | Killed Joseph
 14669 | Lair:1   | Entered Level 1 of the Lair of Beasts
 14669 | Lair:1   | Noticed an eight-headed hydra
 14705 | Orc:1    | Entered Level 1 of the Orcish Mines
 14738 | Orc:1    | Noticed Jorgrun
 14742 | Orc:1    | Reached skill level 10 in Armour
 14748 | Orc:1    | Killed Jorgrun
 15401 | Lair:1   | HP: 1/101 [nine-headed hydra (8)]
 15401 | Lair:1   | Mangled by a nine-headed hydra

Illustrated notes

Levels and vault maps discovered:
D:1:      dpeg_arrival_long_road, layout_rooms,
          dreamdust_ecumenical_altar_statues
D:2:      layout_basic, uniq_sigmund, uniq_robin
D:3:      layout_basic, minivault_14, minivault_27
D:4:      layout_loops_ring, gup_sewer_entry_spiral, chequers_decorated_corner,
          kennysheep_big_empty_room
D:5:      layout_loops_corners, uniq_prince_ribbit1, uniq_eustachio
D:6:      layout_loops_ring, temple_pool_b
D:7:      layout_basic, gammafunk_ghost_necromancy, interstate_on_off,
          uniq_menkaure
D:8:      layout_loops_cross, grunt_temple_overflow_open, serial_rivers,
          chequers_serial_rivers_micro_a, chequers_serial_rivers_micro_a,
          chequers_serial_rivers_micro_e, chequers_serial_rivers_micro_d,
          chequers_serial_rivers_small_b, chequers_serial_rivers_small_b,
          serial_shops, shop, uniq_harold
D:9:      layout_big_octagon, mainiacjoe_overflow_divided_tiny, enter_bailey_3
D:10:     layout_gridville, david_lair_shrubbed, hiddenorc2_lemuel,
          serial_shops, shop, kennysheep_generic_room_6, uniq_joseph
Lair:1:   layout_chaotic_city, serial_bayou_lagoon_a, infiniplex_staircase_pool
Orc:1:    layout_diamond_mine, portal_ice_cave_entry_pillars_2,
          ebering_ghost_inner_flame, okawaru_metal_pillars_1_2, uniq_jorgrun

Skill      XL: |  1  2  3  4  5  6  7  8  9 10 11 |
---------------+----------------------------------+-----
Fighting       | 4 6 9 10 | 10.3
Axes           | 5 8 12 | 12.3
Armour         | 1 4 7 9 11 | 11.1
Invocations    | 1 6 7 |  7.0
Dodging        | 4 |  4.0
Short Blades   | 4 |  4.3
Evocations     | 6 |  6.0
Stealth        | |  1.5

Action                   |  1- 3 |  4- 6 |  7- 9 | 10-12 || total
-------------------------+-------+-------+-------+-------++-------
Melee: Hand axe          |   106 |   175 |   496 |       ||   777
       Punch             |     3 |     4 |     7 |       ||    14
       War axe           |       |       |    20 |    17 ||    37
       Battleaxe         |       |       |       |   275 ||   275
Invok: Convert to Beogh  |       |     1 |       |       ||     1
       Smiting           |       |       |     8 |    12 ||    20
Evoke: Wand              |       |       |     1 |     7 ||     8
  Use: Potion            |     4 |     1 |     1 |     2 ||     8
       Scroll            |       |     4 |     6 |    10 ||    20
 Stab: Sleeping          |       |     2 |     4 |       ||     6
Armor: Robe              |    26 |    31 |    24 |       ||    81
       Scale mail        |       |       |    54 |       ||    54
       Skin              |       |       |    50 |     3 ||    53
       Steam dragon scal |       |       |    39 |    75 ||   114
       Plate armour      |       |       |       |    26 ||    26
Dodge: Dodged            |    61 |    83 |   324 |   323 ||   791

Table legend: (Time is in decaauts)
 A = Elapsed time spent in this place.
 B = Non-inter-level travel time spent in this place.
 C = Inter-level travel time spent in this place.
 D = Time resting spent in this place.
 E = Time spent auto-exploring this place.
 F = Levels seen in this place.
 G = Mean time per level.
                   A        B        C        D        E       F      G
               +--------+--------+--------+--------+--------+-----+--------+
         Total |  15422 |  14997 |    425 |   4007 |   8130 |  13 | 1186.3 |
       Dungeon |  14042 |  13645 |    397 |   3350 |   7697 |  10 | 1404.2 |
          Lair |      5 |      5 |      0 |      0 |      0 |   1 |    5.0 |
  Orcish Mines |    659 |    632 |     27 |    383 |    175 |   1 |  659.0 |
        Bailey |    715 |    715 |      0 |    274 |    258 |   1 |  715.0 |
               +--------+--------+--------+--------+--------+-----+--------+

Top non-repeatable levels by time:
     D:4: 2737 daAuts
    D:10: 2059 daAuts
     D:2: 1919 daAuts
     D:8: 1649 daAuts
     D:5: 1322 daAuts
     D:3: 1010 daAuts
     D:7: 963 daAuts
     D:6: 817 daAuts
     D:1: 815 daAuts
     D:9: 747 daAuts
  Bailey: 715 daAuts
   Orc:1: 659 daAuts
  Lair:1: 5 daAuts
